 Dungeon Crawl Stone Soup version 0.30-a0-161-gdd60e06945 (webtiles) character file.

Game seed: 10788896040859380228

133 qw the Chopper (level 5, 0/32 HPs)
             Began as a Gargoyle Fighter on Sept 27, 2022.
             Slain by a water moccasin (4 damage)
             ... on level 4 of the Dungeon.
             The game lasted 00:02:28 (3302 turns).

qw the Chopper (Gargoyle Fighter)                   Turns: 3302, Time: 00:02:29

Health: 0/32       AC: 15    Str: 22    XL:     5   Next: 16%
Magic:  5/5        EV:  7    Int:  8    God:
Gold:   210        SH:  4    Dex:  9    Spells: 4/4 levels left

rFire   . . .      SeeInvis .    Y - +0 war axe
rCold   . . .      Faith    .    c - +0 buckler
rNeg    + . .      Spirit   .    g - +0 chain mail
rPois   inf        Reflect  .    i - +0 helmet
rElec   +          Harm     .    (no cloak)
rCorr   .          Rampage  .    k - +0 pair of gloves
Will    .....                    (no boots)
Stlth   ..........               (no amulet)
HPRegen 0.10/turn                (no ring)
MPRegen 0.09/turn                (no ring)

@: no status effects
A: sickness immunity, AC +4, negative energy resistance 1, electricity
resistance, torment resistance 1, petrification resistance
a: no special abilities


You were on level 4 of the Dungeon.
You visited 1 branch of the dungeon, and saw 4 of its levels.

You collected 210 gold pieces.


Innate Abilities, Weirdness & Mutations

You are immune to sickness and miasma.
Your stone body is resilient. (AC +4)
You are immune to poison.
You resist negative energy. (rN+)
You are resistant to electric shocks. (rElec)
You are resistant to unholy torment.
You are immune to petrification.


   Skills:
 - Level 3.2 Fighting
 + Level 4.7 Axes
 - Level 3.2 Armour
 - Level 3.2 Shields


You had 4 spell levels left.
You didn't know any spells.
Your spell library was empty.

Inventory:

Hand Weapons
 e - a +1 mace of protection
 Y - a +0 war axe (weapon)
Armour
 c - a +0 buckler (worn)
 g - a +0 chain mail (worn)
 i - a +0 helmet (worn)
 k - a +0 pair of gloves (worn)
Scrolls
 a - 2 scrolls of identify
Potions
 d - a potion of might
 h - a potion of curing
 j - a potion of attraction

Dungeon Overview and Level Annotations

Branches:
Dungeon (4/15)
 Temple: D:4-7

Altars:
Makhleb
Okawaru
Yredelemnul

Annotations:
D:3 1 runed translucent door


Message History

You closely miss the water moccasin.
The water moccasin is lightly wounded.
The water moccasin bites you!
The water moccasin bites you but does no damage.
You miss the water moccasin.
The water moccasin is lightly wounded.
The water moccasin bites you but does no damage.
The water moccasin barely misses you.
You closely miss the water moccasin.
The water moccasin is lightly wounded.
The water moccasin bites you. The dart slug launches a dart at you.
You block the slug dart. The water moccasin barely misses you.
You miss the water moccasin.
The water moccasin is lightly wounded.
You block the water moccasin's attack.
You hit the water moccasin but do no damage.
The water moccasin is lightly wounded.
The water moccasin bites you. The water moccasin barely misses you.
You closely miss the water moccasin.
The water moccasin is lightly wounded.
The water moccasin closely misses you.
The water moccasin bites you but does no damage.
You hit the water moccasin.
The water moccasin is lightly wounded.
You slash the dart slug! You block the water moccasin's attack.
The water moccasin completely misses you.
You hit the dart slug.
You kill the dart slug!
You miss the water moccasin. The water moccasin bites you.
The water moccasin barely misses you.
You slash the water moccasin!
The water moccasin is heavily wounded.
The water moccasin barely misses you.
You barely miss the water moccasin.
The water moccasin is heavily wounded.
The water moccasin bites you but does no damage.
The water moccasin bites you.
You die...

..~~~~~~~ #.~.......~.#
#.~.~~~~¤.~.#.#
#.~.~..¤¤.~.#!# #
#.~¤¤¤_¤~.~... .#
##.~.¤...¤...###.
#..~.¤¤~~~.~.#..
#..~.......~S#.#
#..~~~~~~~~~@#.###.##
#............)....<.w #...
#...########.#....#.....##...
#.### #.#......# ....... #.#
#.#.###..###..#... #.# #.#..
....#...... #.# #.#.###
.......... #.#### #.....
......... #....#
###.#########.....


You could see a water moccasin.

Vanquished Creatures
  3 river rats (D:3)
  3 adders
  A worm (D:3)
  3 dart slugs
  6 endoplasms
  6 giant cockroaches
  10 goblins
  A hobgoblin (D:1)
  5 jackals (D:3)
  2 quokkas
  6 ball pythons
  6 bats
  2 frilled lizards (D:2)
  6 kobolds
  10 rats
70 creatures vanquished.

Notes
Turn   | Place    | Note
-------+----------+-------------------------------------------
     0 | D:1      | qw the Gargoyle Fighter began the quest for the Orb.
     0 | D:1      | Reached XP level 1. HP: 14/14 MP: 1/1
     0 | D:1      | 0 ||| qw: Version: 0.2-a-10-g37ed214
     0 | D:1      | 0 ||| qw: Game counter: 670
     0 | D:1      | 0 ||| qw: Always use a shield: true
     0 | D:1      | 0 ||| qw: God list: Okawaru
     0 | D:1      | 0 ||| qw: Allow faded altars: false
     0 | D:1      | 0 ||| qw: Do Orc after D:15 true
     0 | D:1      | 0 ||| qw: Do second Lair branch before Depths: true
     0 | D:1      | 0 ||| qw: Lair rune preference: random
     0 | D:1      | 0 ||| qw: Plans: Normal, Zot:1-4, God:TSO, Crypt, Tomb,
                  | Pan, Slime:5, Hells, Abyss, Orb
     0 | D:1      | 0 ||| PLANNING D:1-11
   146 | D:1      | Reached skill level 2 in Axes
   247 | D:1      | Reached XP level 2. HP: 19/19 MP: 2/2
   415 | D:1      | 415 ||| Stepping ~*~*~tactically~*~*~ (stealth).
   525 | D:1      | 525 ||| Stepping ~*~*~tactically~*~*~ (stealth).
   663 | D:1      | Reached skill level 3 in Axes
   719 | D:1      | 719 ||| UPGRADING to +0 chain mail.
   729 | D:1      | 729 ||| DROPPING +0 scale mail.
   730 | D:1      | 730 ||| UPGRADING to +0 pair of gloves.
   735 | D:1      | 735 ||| READING scroll labelled PIKOQE UTOEMN.
   736 | D:1      | 736 ||| READING scroll labelled SUSIYCR ALEPAI.
   827 | D:2      | Reached XP level 3. HP: 23/23 MP: 3/3
   944 | D:2      | 944 ||| Stepping ~*~*~tactically~*~*~ (stealth).
   990 | D:2      | 990 ||| Stepping ~*~*~tactically~*~*~ (stealth).
  1192 | D:2      | Found a burning altar of Makhleb.
  1670 | D:2      | 1670 ||| READING scroll labelled YSHROR KILU.
  1671 | D:2      | 1671 ||| READING scroll labelled VAUZITR VIBUY.
  1672 | D:2      | 1672 ||| READING 3 scrolls labelled QEOTAH LEPP.
  1673 | D:2      | 1673 ||| READING scroll labelled WUKYOH FENE.
  1674 | D:2      | 1674 ||| READING 3 scrolls of identify.
  1674 | D:2      | 1674 ||| IDENTIFYING smoky cyan potion
  1675 | D:2      | 1675 ||| READING 2 scrolls of identify.
  1675 | D:2      | 1675 ||| IDENTIFYING sedimented yellow potion
  1676 | D:2      | 1676 ||| DROPPING 2 scrolls of summoning.
  1677 | D:2      | 1677 ||| DROPPING potion of magic.
  1699 | D:3      | 1699 ||| PLANNING SEWER
  1711 | D:3      | Found a faded altar of an unknown god.
  1740 | D:3      | Noticed a human
  1752 | D:3      | Reached XP level 4. HP: 19/28 MP: 4/4
  1752 | D:3      | 1752 ||| Stepping ~*~*~tactically~*~*~ (stealth).
  1753 | D:3      | 1753 ||| Stepping ~*~*~tactically~*~*~ (stealth).
  1754 | D:3      | 1754 ||| Stepping ~*~*~tactically~*~*~ (stealth).
  1754 | D:3      | Found a runed translucent door.
  1755 | D:3      | 1755 ||| Stepping ~*~*~tactically~*~*~ (stealth).
  1795 | D:3      | 1795 ||| Stepping ~*~*~tactically~*~*~ (stealth).
  1799 | D:3      | 1799 ||| Stepping ~*~*~tactically~*~*~ (stealth).
  1800 | D:3      | 1800 ||| Stepping ~*~*~tactically~*~*~ (stealth).
  1860 | D:3      | 1860 ||| DROPPING +0 whip.
  2090 | D:3      | Found a basalt altar of Yredelemnul.
  2228 | D:3      | 2228 ||| READING scroll labelled UKUAMA MOBIL.
  2229 | D:3      | 2229 ||| READING scroll labelled FUATRIEPIU.
  2233 | D:3      | 2233 ||| Stepping ~*~*~tactically~*~*~ (stealth).
  2295 | D:3      | Reached skill level 4 in Axes
  2338 | D:3      | 2338 ||| RIP SEWER
  2339 | D:3      | 2339 ||| PLANNING D:1-11
  2486 | D:3      | 2486 ||| Stepping ~*~*~tactically~*~*~ (water).
  2749 | D:3      | 2749 ||| READING 2 scrolls of identify.
  2749 | D:3      | 2749 ||| IDENTIFYING red potion
  2750 | D:3      | 2750 ||| DROPPING potion of flight.
  2751 | D:3      | 2751 ||| Stepping randomly (stuck).
  2752 | D:3      | 2752 ||| Stepping randomly (stuck).
  2755 | D:3      | 2755 ||| Stepping randomly (stuck).
  2756 | D:3      | 2756 ||| Stepping randomly (stuck).
  2757 | D:3      | 2757 ||| Stepping randomly (stuck).
  2758 | D:3      | 2758 ||| Stepping randomly (stuck).
  2761 | D:3      | 2761 ||| Stepping randomly (stuck).
  2762 | D:3      | 2762 ||| Stepping randomly (stuck).
  2763 | D:3      | 2763 ||| Stepping randomly (stuck).
  2764 | D:3      | 2764 ||| Stepping randomly (stuck).
  2771 | D:3      | 2771 ||| Stepping randomly (stuck).
  2772 | D:3      | 2772 ||| Stepping randomly (stuck).
  2773 | D:3      | 2773 ||| Stepping randomly (stuck).
  2774 | D:3      | 2774 ||| Stepping randomly (stuck).
  2775 | D:3      | 2775 ||| Stepping randomly (stuck).
  2776 | D:3      | 2776 ||| Stepping randomly (stuck).
  2780 | D:3      | 2780 ||| Stepping randomly (stuck).
  2786 | D:3      | 2786 ||| Stepping randomly (stuck).
  2791 | D:3      | 2791 ||| Stepping randomly (stuck).
  2792 | D:3      | 2792 ||| Stepping randomly (stuck).
  2793 | D:3      | 2793 ||| Stepping randomly (stuck).
  2796 | D:3      | 2796 ||| Stepping randomly (stuck).
  2797 | D:3      | 2797 ||| Stepping randomly (stuck).
  2798 | D:3      | 2798 ||| Stepping randomly (stuck).
  2801 | D:3      | 2801 ||| Stepping randomly (stuck).
  2802 | D:3      | 2802 ||| Stepping randomly (stuck).
  2804 | D:3      | 2804 ||| Stepping randomly (stuck).
  2809 | D:3      | 2809 ||| Stepping randomly (stuck).
  2810 | D:3      | 2810 ||| Stepping randomly (stuck).
  2817 | D:3      | 2817 ||| Stepping randomly (stuck).
  2819 | D:3      | 2819 ||| Stepping randomly (stuck).
  2822 | D:3      | 2822 ||| Stepping randomly (stuck).
  2848 | D:3      | 2848 ||| READING 4 scrolls of identify.
  2848 | D:3      | 2848 ||| IDENTIFYING golden potion
  2849 | D:3      | 2849 ||| DROPPING potion of degeneration.
  2850 | D:3      | 2850 ||| READING scroll of teleportation.
  2946 | D:3      | 2946 ||| Stepping randomly (stuck).
  2947 | D:3      | 2947 ||| Stepping randomly (stuck).
  2949 | D:3      | 2949 ||| Stepping randomly (stuck).
  2951 | D:3      | 2951 ||| Stepping randomly (stuck).
  2953 | D:3      | 2953 ||| Stepping randomly (stuck).
  2955 | D:3      | 2955 ||| Stepping randomly (stuck).
  2957 | D:3      | 2957 ||| Stepping randomly (stuck).
  2958 | D:3      | 2958 ||| Stepping randomly (stuck).
  2959 | D:3      | 2959 ||| Stepping randomly (stuck).
  2961 | D:3      | 2961 ||| Stepping randomly (stuck).
  2962 | D:3      | 2962 ||| Stepping randomly (stuck).
  2964 | D:3      | 2964 ||| Stepping randomly (stuck).
  2966 | D:3      | 2966 ||| Stepping randomly (stuck).
  2967 | D:3      | 2967 ||| Stepping randomly (stuck).
  2969 | D:3      | 2969 ||| Stepping randomly (stuck).
  2974 | D:3      | 2974 ||| Stepping randomly (stuck).
  2975 | D:3      | 2975 ||| Stepping randomly (stuck).
  2993 | D:3      | Reached XP level 5. HP: 32/32 MP: 5/5
  3012 | D:3      | 3012 ||| Stepping randomly (stuck).
  3014 | D:3      | 3014 ||| Stepping randomly (stuck).
  3016 | D:3      | 3016 ||| Stepping randomly (stuck).
  3018 | D:3      | 3018 ||| Stepping randomly (stuck).
  3020 | D:3      | 3020 ||| Stepping randomly (stuck).
  3021 | D:3      | 3021 ||| Stepping randomly (stuck).
  3072 | D:4      | 3072 ||| Stepping ~*~*~tactically~*~*~ (stealth).
  3129 | D:4      | Found an iron altar of Okawaru.
  3130 | D:4      | 3130 ||| PLANNING OKAWARU WORSHIP
  3130 | D:4      | 3130 ||| UPGRADING to +0 helmet.
  3135 | D:4      | 3135 ||| READING scroll labelled WUGRYRICON.
  3136 | D:4      | 3136 ||| READING scroll labelled VEDGHATHUXA.
  3137 | D:4      | 3137 ||| READING 3 scrolls of identify.
  3137 | D:4      | 3137 ||| IDENTIFYING sapphire potion
  3138 | D:4      | 3138 ||| Stepping randomly (stuck).
  3139 | D:4      | 3139 ||| Stepping randomly (stuck).
  3140 | D:4      | 3140 ||| Stepping randomly (stuck).
  3141 | D:4      | 3141 ||| Stepping randomly (stuck).
  3142 | D:4      | 3142 ||| Stepping randomly (stuck).
  3143 | D:4      | 3143 ||| Stepping randomly (stuck).
  3144 | D:4      | 3144 ||| Stepping randomly (stuck).
  3145 | D:4      | 3145 ||| Stepping randomly (stuck).
  3146 | D:4      | 3146 ||| Stepping randomly (stuck).
  3147 | D:4      | 3147 ||| Stepping randomly (stuck).
  3148 | D:4      | 3148 ||| Stepping randomly (stuck).
  3149 | D:4      | 3149 ||| Stepping randomly (stuck).
  3150 | D:4      | 3150 ||| Stepping randomly (stuck).
  3151 | D:4      | 3151 ||| Stepping randomly (stuck).
  3152 | D:4      | 3152 ||| Stepping randomly (stuck).
  3153 | D:4      | 3153 ||| Stepping randomly (stuck).
  3154 | D:4      | 3154 ||| Stepping randomly (stuck).
  3155 | D:4      | 3155 ||| Stepping randomly (stuck).
  3156 | D:4      | 3156 ||| Stepping randomly (stuck).
  3157 | D:4      | 3157 ||| Stepping randomly (stuck).
  3158 | D:4      | 3158 ||| Stepping randomly (stuck).
  3159 | D:4      | 3159 ||| Stepping randomly (stuck).
  3160 | D:4      | 3160 ||| Stepping randomly (stuck).
  3161 | D:4      | 3161 ||| Stepping randomly (stuck).
  3162 | D:4      | 3162 ||| Stepping randomly (stuck).
  3163 | D:4      | 3163 ||| Stepping randomly (stuck).
  3164 | D:4      | 3164 ||| Stepping randomly (stuck).
  3165 | D:4      | 3165 ||| Stepping randomly (stuck).
  3166 | D:4      | 3166 ||| Stepping randomly (stuck).
  3167 | D:4      | 3167 ||| Stepping randomly (stuck).
  3168 | D:4      | 3168 ||| Stepping randomly (stuck).
  3169 | D:4      | 3169 ||| Stepping randomly (stuck).
  3170 | D:4      | 3170 ||| Stepping randomly (stuck).
  3171 | D:4      | 3171 ||| Stepping randomly (stuck).
  3172 | D:4      | 3172 ||| Stepping randomly (stuck).
  3173 | D:4      | 3173 ||| Stepping randomly (stuck).
  3174 | D:4      | 3174 ||| Stepping randomly (stuck).
  3175 | D:4      | 3175 ||| Stepping randomly (stuck).
  3176 | D:4      | 3176 ||| Stepping randomly (stuck).
  3177 | D:4      | 3177 ||| Stepping randomly (stuck).
  3178 | D:4      | 3178 ||| Stepping randomly (stuck).
  3179 | D:4      | 3179 ||| Stepping randomly (stuck).
  3180 | D:4      | 3180 ||| Stepping randomly (stuck).
  3181 | D:4      | 3181 ||| Stepping randomly (stuck).
  3182 | D:4      | 3182 ||| Stepping randomly (stuck).
  3183 | D:4      | 3183 ||| Stepping randomly (stuck).
  3184 | D:4      | 3184 ||| Stepping randomly (stuck).
  3185 | D:4      | 3185 ||| Stepping randomly (stuck).
  3186 | D:4      | 3186 ||| Stepping randomly (stuck).
  3187 | D:4      | 3187 ||| Stepping randomly (stuck).
  3188 | D:4      | 3188 ||| Stepping randomly (stuck).
  3189 | D:4      | 3189 ||| Stepping randomly (stuck).
  3190 | D:4      | 3190 ||| Stepping randomly (stuck).
  3191 | D:4      | 3191 ||| Stepping randomly (stuck).
  3192 | D:4      | 3192 ||| Stepping randomly (stuck).
  3193 | D:4      | 3193 ||| Stepping randomly (stuck).
  3194 | D:4      | 3194 ||| Stepping randomly (stuck).
  3195 | D:4      | 3195 ||| Stepping randomly (stuck).
  3196 | D:4      | 3196 ||| Stepping randomly (stuck).
  3197 | D:4      | 3197 ||| Stepping randomly (stuck).
  3198 | D:4      | 3198 ||| Stepping randomly (stuck).
  3199 | D:4      | 3199 ||| Stepping randomly (stuck).
  3200 | D:4      | 3200 ||| Stepping randomly (stuck).
  3201 | D:4      | 3201 ||| Stepping randomly (stuck).
  3202 | D:4      | 3202 ||| Stepping randomly (stuck).
  3203 | D:4      | 3203 ||| Stepping randomly (stuck).
  3204 | D:4      | 3204 ||| Stepping randomly (stuck).
  3205 | D:4      | 3205 ||| Stepping randomly (stuck).
  3206 | D:4      | 3206 ||| Stepping randomly (stuck).
  3207 | D:4      | 3207 ||| Stepping randomly (stuck).
  3208 | D:4      | 3208 ||| Stepping randomly (stuck).
  3209 | D:4      | 3209 ||| Stepping randomly (stuck).
  3210 | D:4      | 3210 ||| Stepping randomly (stuck).
  3211 | D:4      | 3211 ||| Stepping randomly (stuck).
  3212 | D:4      | 3212 ||| Stepping randomly (stuck).
  3213 | D:4      | 3213 ||| Stepping randomly (stuck).
  3214 | D:4      | 3214 ||| Stepping randomly (stuck).
  3215 | D:4      | 3215 ||| Stepping randomly (stuck).
  3216 | D:4      | 3216 ||| Stepping randomly (stuck).
  3217 | D:4      | 3217 ||| Stepping randomly (stuck).
  3218 | D:4      | 3218 ||| Stepping randomly (stuck).
  3219 | D:4      | 3219 ||| Stepping randomly (stuck).
  3220 | D:4      | 3220 ||| Stepping randomly (stuck).
  3221 | D:4      | 3221 ||| Stepping randomly (stuck).
  3222 | D:4      | 3222 ||| Stepping randomly (stuck).
  3223 | D:4      | 3223 ||| Stepping randomly (stuck).
  3224 | D:4      | 3224 ||| Stepping randomly (stuck).
  3225 | D:4      | 3225 ||| Stepping randomly (stuck).
  3226 | D:4      | 3226 ||| Stepping randomly (stuck).
  3227 | D:4      | 3227 ||| Stepping randomly (stuck).
  3228 | D:4      | 3228 ||| Stepping randomly (stuck).
  3229 | D:4      | 3229 ||| Stepping randomly (stuck).
  3230 | D:4      | 3230 ||| Stepping randomly (stuck).
  3231 | D:4      | 3231 ||| Stepping randomly (stuck).
  3232 | D:4      | 3232 ||| Stepping randomly (stuck).
  3233 | D:4      | 3233 ||| Stepping randomly (stuck).
  3234 | D:4      | 3234 ||| Stepping randomly (stuck).
  3235 | D:4      | 3235 ||| Stepping randomly (stuck).
  3236 | D:4      | 3236 ||| Stepping randomly (stuck).
  3237 | D:4      | 3237 ||| Stepping randomly (stuck).
  3238 | D:4      | 3238 ||| Stepping randomly (stuck).
  3239 | D:4      | 3239 ||| Stepping randomly (stuck).
  3240 | D:4      | 3240 ||| Stepping randomly (stuck).
  3241 | D:4      | 3241 ||| Stepping randomly (stuck).
  3242 | D:4      | 3242 ||| Stepping randomly (stuck).
  3243 | D:4      | 3243 ||| Stepping randomly (stuck).
  3244 | D:4      | 3244 ||| Stepping randomly (stuck).
  3245 | D:4      | 3245 ||| Stepping randomly (stuck).
  3246 | D:4      | 3246 ||| Stepping randomly (stuck).
  3247 | D:4      | 3247 ||| Stepping randomly (stuck).
  3248 | D:4      | 3248 ||| Stepping randomly (stuck).
  3249 | D:4      | 3249 ||| Stepping randomly (stuck).
  3250 | D:4      | 3250 ||| Stepping randomly (stuck).
  3251 | D:4      | 3251 ||| Stepping randomly (stuck).
  3252 | D:4      | 3252 ||| Stepping randomly (stuck).
  3253 | D:4      | 3253 ||| Stepping randomly (stuck).
  3254 | D:4      | 3254 ||| Stepping randomly (stuck).
  3255 | D:4      | 3255 ||| Stepping randomly (stuck).
  3256 | D:4      | 3256 ||| Stepping randomly (stuck).
  3257 | D:4      | 3257 ||| Stepping randomly (stuck).
  3258 | D:4      | 3258 ||| Stepping randomly (stuck).
  3259 | D:4      | 3259 ||| Stepping randomly (stuck).
  3260 | D:4      | 3260 ||| Stepping randomly (stuck).
  3261 | D:4      | 3261 ||| Stepping randomly (stuck).
  3262 | D:4      | 3262 ||| Stepping randomly (stuck).
  3263 | D:4      | 3263 ||| Stepping randomly (stuck).
  3264 | D:4      | 3264 ||| Stepping randomly (stuck).
  3265 | D:4      | 3265 ||| Stepping randomly (stuck).
  3266 | D:4      | 3266 ||| Stepping randomly (stuck).
  3267 | D:4      | 3267 ||| Stepping randomly (stuck).
  3280 | D:4      | Noticed a water moccasin
  3281 | D:4      | 3281 ||| FLEEEEING.
  3297 | D:4      | HP: 8/32 [water moccasin (4)]
  3302 | D:4      | Slain by a water moccasin

Levels and vault maps discovered:
D:1:      onia_arrival_pyramid, layout_basic
D:2:      layout_basic, basic_altar
D:3:      layout_loops_ring, dk_yredelemnul_ordeal,
          ebering_ecumenical_altar_abandoned, portal_sewer_entry_e, minmay_puff
D:4:      layout_basic, mainiacjoe_overflow_concentric_impassable, serial_shops,
          shop, minmay_mini_jars

Skill      XL: |  1  2  3  4 |
---------------+-------------+-----
Axes           | 2 3 4 |  4.7
Fighting       | |  3.2
Armour         | |  3.2
Shields        | |  3.2

Action                   |  1- 3 |  4- 6 || total
-------------------------+-------+-------++-------
Melee: War axe           |   113 |   103 ||   216
  Use: Scroll            |     8 |     8 ||    16
Armor: Scale mail        |    25 |       ||    25
       Chain mail        |    34 |    68 ||   102
Dodge: Dodged            |    49 |    45 ||    94
Block: Buckler           |    23 |    15 ||    38

Table legend:
 A = Non-vault XP
 B = Vault XP
 C = Vault XP percentage of total XP
 D = Non-vault monster count
 E = Vault monster count
 F = Vault count percentage of total count
                 A         B        C        D         E       F
            +---------+---------+-------+---------+---------+-------
      Total |     135 |      55 |  28.9 |      59 |      11 |  15.7
            +---------+---------+-------+---------+---------+-------
        D:1 |      30 |       0 |   0.0 |      18 |       0 |   0.0
        D:2 |      45 |       0 |   0.0 |      17 |       0 |   0.0
        D:3 |      37 |      55 |  59.8 |      19 |      11 |  36.7
        D:4 |      23 |       0 |   0.0 |       5 |       0 |   0.0
            +---------+---------+-------+---------+---------+-------
